 Dungeon Crawl Stone Soup version 0.23.2-30-g0e89c35649 (webtiles) character file.

Game seed: 1188996811129582869

5588 Mrkan the Basher (level 10, -8/66 HPs)
             Began as a Gargoyle Fighter on June 24, 2019.
             Was an Initiate of Gozag.
             Killed from afar by an ice dragon (18 damage)
             ... with a blast of cold
             ... on level 9 of the Dungeon.
             The game lasted 00:15:05 (7285 turns).

Mrkan the Basher (Gargoyle Fighter)                 Turns: 7285, Time: 00:15:06

Health: -8/66      AC: 35    Str: 24    XL:     10   Next: 72%
Magic:  10/10      EV:  5    Int:  9    God:    Gozag
Gold:   851        SH: 12    Dex: 11    Spells: 9/9 levels left

rFire    . . .     SeeInvis .   B - +0 morningstar
rCold    . . .     Gourm    .   c - +0 shield
rNeg     + . .     Faith    .   x - +7 plate armour of Minor Irritation {+Inv}
rPois    ∞         Spirit   .   F - +2 helmet
rElec    +         Reflect  .   r - +2 cloak
rCorr    .         Harm     .   q - +2 pair of gloves {Str+3}
MR       .....                  (no boots)
Stlth    ..........             (no amulet)
HPRegen  0.21/turn              (no ring)
MPRegen  0.12/turn              (no ring)

@: studying Transmutations
A: negative energy resistance 1, electricity resistance, unbreathing,
petrification resistance, rot immunity, AC +7
a: Potion Petition, Call Merchant, Bribe Branch, Renounce Religion, Evoke
Invisibility


You were on level 9 of the Dungeon.
You worshipped Gozag.
Gozag was pleased with you.
You were not hungry.

You visited 1 branch of the dungeon, and saw 11 of its levels.

You collected 1267 gold pieces.
You spent 390 gold pieces at shops.
You paid 26 gold pieces to Gozag.

Inventory:

Hand Weapons
 B - a +0 morningstar (weapon)
 E - a +0 falchion of holy wrath
Armour
 c - a +0 shield (worn)
 q - a +2 pair of gloves of strength (worn)
 r - a +2 cloak (worn)
 x - the +7 plate armour of Minor Irritation (worn) {+Inv}
   (You found it on level 5 of the Dungeon)

   It lets you turn invisible.
 F - a +2 helmet (worn)
Jewellery
 v - an uncursed amulet of guardian spirit
Wands
 z - a wand of flame (14)
Scrolls
 a - a scroll of noise {unknown}
 d - 4 scrolls of teleportation {unknown}
 g - 3 scrolls of enchant weapon {unknown}
 h - a scroll of blinking {unknown}
 j - 5 scrolls of remove curse {unknown}
 k - a scroll of fear {unknown}
 n - 2 scrolls of immolation {unknown}
 o - 2 scrolls of magic mapping {unknown}
 w - a scroll of amnesia {unknown}
 A - a scroll of fog {unknown}
 C - a scroll of enchant armour {unknown}
 D - a scroll of summoning {unknown}
Potions
 b - 2 potions of mutation {unknown}
 e - a potion of lignification {unknown}
 i - 3 potions of resistance
 l - a potion of magic {unknown}
 m - 3 potions of curing {unknown}
 p - a potion of might
 s - a potion of degeneration {unknown}
 t - a potion of heal wounds {unknown}
 u - a potion of invisibility {unknown}
 G - a potion of haste {unknown}
Books
 y - a manual of Transmutations
Comestibles
 f - 4 rations


   Skills:
 + Level 9.1 Fighting
 * Level 11.1 Maces & Flails
 - Level 3.2 Armour
 + Level 9.1 Shields
 - Level 2.5 Transmutations


You had 9 spell levels left.
You didn't know any spells.
Your spell library contained the following spells:

 Spells                   Type           Power        Failure   Level  Hunger
 Beastly Appendage        Tmut           #.....       99%         1    ##.....
 Animate Skeleton         Necr           N/A          100%        1    ##.....
 Apportation              Tloc           #.....       100%        1    ##.....
 Pain                     Necr           #...         100%        1    ##.....
 Shock                    Conj/Air       #...         100%        1    ##.....
 Summon Butterflies       Summ           #.......     100%        1    ##.....
 Lesser Beckoning         Tloc           #.........   100%        3    ####...
 Regeneration             Chrm/Necr      #.........   100%        3    ####...
 Static Discharge         Conj/Air       #.......     100%        3    ####...
 Tukima's Dance           Hex            #.......     100%        3    ####...
 Vampiric Draining        Necr           #.........   100%        3    ####...
 Animate Dead             Necr           N/A          100%        4    #####..
 Ice Form                 Ice/Tmut       #.......     100%        4    #####..
 Alistair's Intoxication  Tmut/Pois      #.......     100%        5    ######.
 Irradiate                Conj/Tmut      #.........   100%        5    ######.
 Invisibility             Hex            #.......     100%        6    #######
 Statue Form              Tmut/Erth      Unusable     N/A         6    N/A

Dungeon Overview and Level Annotations

Branches:
Dungeon (11/15)            Temple (0/1) D:7             Orc (0/2) D:9
   Lair: D:8-11

Altars:
Cheibriados
Gozag
Makhleb
Trog
Uskayaw
Zin
The Shining One

Shops:
D:5 *   D:8 [


Innate Abilities, Weirdness & Mutations

You are resistant to torment.
Your stone body is resilient. (AC +7)
You are immune to poison.
You resist negative energy. (rN+)
You are resistant to electric shocks. (rElec)
You can survive without breathing.
You are immune to petrification.
You are immune to rotting.


Message History

An orc comes into view. It is wielding a +0 hand axe.
An orc wizard comes into view. It is wielding a +0 dagger.
Found 11 gold pieces.
An orc priest comes into view. It is wielding a +0 falchion.
The orc priest shouts!
The orc wizard shouts!
The orc barely misses you. The ice dragon breathes frost at you.
The blast of cold hits you!!
An orc comes into view.
Found 15 gold pieces.
The deep troll earth mage points at you and mumbles some strange words.
You shatter!
* * * LOW HITPOINT WARNING * * *
You hear a shout!
There is an open door here.
You hear a grinding noise.
The ice dragon breathes frost at you. The blast of cold hits you!!
You die...
Your body crumbles into a pile of gold.

##o......... ......##
##...o........ .......
#+###...T...>....# #...
........o........# #...
.......D........# #... $
........'.......# #...
.........##.....# #...
........o.#.....#######...
.........@'...............
......##.##...............
......#...................
......#...................
..... #...................
..... #...................
#...................
#...................
#......#########....


You could see an ice dragon, a deep troll earth mage, an orc wizard and an orc.

Vanquished Creatures
  A centaur skeleton (D:9)
  Grinder (D:3)
  A troll (D:9)
  A hornet (D:9)
  A slime creature (D:9)
  Sigmund (D:3)
  4 hippogriffs
  A wyvern (D:8)
  Grum (D:8)
  3 hungry ghosts
  An orc warrior (D:6)
  An ice beast (D:9)
  4 sky beasts
  4 ogres
  A phantom (D:4)
  An eye of draining (D:9)
  2 centaurs
  2 wolves (D:8)
  A bullfrog (D:8)
  A wyvern zombie (D:8)
  A scorpion (D:7)
  A killer bee (D:8)
  3 howler monkeys (D:8)
  2 crimson imps
  A bullfrog zombie (D:6)
  A centaur zombie (D:9)
  2 quasits
  A jelly (D:8)
  5 hounds
  Crazy Yiuf (D:3)
  2 orc priests (D:7)
  2 bullfrog skeletons
  Natasha (thrice) (D:2)
  2 iguanas (D:8)
  8 orc wizards
  8 worker ants
  2 hound zombies
  A hound skeleton (D:6)
  A worker ant zombie (D:6)
  4 adders
  A howler monkey skeleton (D:9)
  2 shadow imps
  An ooze (D:3)
  An adder zombie (D:6)
  An adder skeleton (D:7)
  6 worms
  2 dart slugs
  3 leopard geckos
  23 orcs
  4 ball pythons
  4 giant cockroaches
  3 goblins
  5 hobgoblins
  18 jackals
  5 kobolds
  2 quokkas
  12 bats
  3 frilled lizards (D:2)
  10 rats
190 creatures vanquished.

Notes
Turn   | Place    | Note
-------+----------+-------------------------------------------
     0 | D:1      | Mrkan the Gargoyle Fighter began the quest for the Orb.
     0 | D:1      | Reached XP level 1. HP: 14/14 MP: 1/1
   169 | D:1      | Reached XP level 2. HP: 19/19 MP: 2/2
   575 | D:2      | Reached XP level 3. HP: 20/23 MP: 3/3
   656 | D:2      | Noticed Natasha
   668 | D:2      | Killed Natasha
   668 | D:2      | Reached skill level 3 in Maces & Flails
   668 | D:2      | Reached XP level 4. HP: 25/29 MP: 4/4
   756 | D:2      | Noticed Natasha
   779 | D:2      | Killed Natasha
  1020 | D:2      | Reached XP level 5. HP: 28/33 MP: 5/5
  1096 | D:2      | Reached skill level 4 in Maces & Flails
  1116 | D:2      | Found a glowing golden altar of the Shining One.
  1227 | D:2      | Noticed Natasha
  1259 | D:2      | Killed Natasha
  1584 | D:3      | Noticed Grinder
  1649 | D:3      | Paralysed by Grinder for 2 turns
  1670 | D:3      | Killed Grinder
  1670 | D:3      | Reached skill level 5 in Maces & Flails
  1670 | D:3      | Reached XP level 6. HP: 4/40 MP: 6/6
  1953 | D:3      | Found a runed translucent door.
  1954 | D:3      | Noticed Crazy Yiuf
  2010 | D:3      | Reached skill level 5 in Shields
  2085 | D:3      | Noticed Sigmund
  2087 | D:3      | Reached skill level 5 in Fighting
  2111 | D:3      | Killed Sigmund
  2111 | D:3      | Reached XP level 7. HP: 34/44 MP: 7/7
  2313 | D:3      | Found an opulent altar of Gozag.
  2321 | D:3      | Became a worshipper of Gozag Ym Sagoz the Greedy
  2512 | D:3      | Killed Crazy Yiuf
  2700 | D:4      | Found a glowing golden altar of the Shining One.
  2734 | D:4      | Found a hide-covered altar of Uskayaw.
  2740 | D:4      | Reached skill level 6 in Maces & Flails
  3441 | D:5      | Entered Level 5 of the Dungeon
  3524 | D:5      | Found Zin's Purification Station.
  3529 | D:5      | Found a glowing silver altar of Zin.
  3535 | D:5      | Got a distressingly furry plate armour
  3536 | D:5      | Identified the +7 plate armour of Minor Irritation {+Inv}
                  | (You found it on level 5 of the Dungeon)
  3693 | D:5      | Reached XP level 8. HP: 51/51 MP: 8/8
  4188 | D:6      | Reached skill level 7 in Maces & Flails
  4365 | D:6      | Identified Voigidug's Catalogue of Gliding Transformation
  4880 | D:6      | Found a burning altar of Makhleb.
  4975 | D:6      | Reached skill level 8 in Maces & Flails
  5178 | D:7      | Reached skill level 1 in Transmutations
  5178 | D:7      | Reached XP level 9. HP: 56/56 MP: 9/9
  5327 | D:7      | Found a staircase to the Ecumenical Temple.
  5632 | D:7      | Noticed a moth of wrath
  5634 | D:7      | Found a bloodstained altar of Trog.
  5933 | D:8      | Found Biotedd's Antique Armour Boutique.
  5954 | D:8      | Bought a pair of glowing gloves for 195 gold pieces
  5954 | D:8      | Bought a runed helmet for 195 gold pieces
  6050 | D:8      | Reached skill level 9 in Maces & Flails
  6377 | D:8      | Noticed Grum
  6414 | D:8      | Killed Grum
  6414 | D:8      | Reached XP level 10. HP: 52/64 MP: 10/10
  6519 | D:8      | Reached skill level 10 in Maces & Flails
  6948 | D:9      | You fall through a shaft for 2 floors!
  7014 | D:10     | Entered Level 10 of the Dungeon
  7014 | D:10     | Noticed a two-headed ogre
  7041 | D:9      | Found a snail-covered altar of Cheibriados.
  7178 | D:9      | Reached skill level 11 in Maces & Flails
  7245 | D:9      | Found a staircase to the Orcish Mines.
  7275 | D:9      | Noticed a deep troll earth mage
  7276 | D:9      | Noticed an ice dragon
  7285 | D:9      | Killed from afar by an ice dragon

Skill      XL: |  1  2  3  4  5  6  7  8  9 10 |
---------------+-------------------------------+-----
Maces & Flails | 3 5 6 8 9 11 | 11.1
Fighting       | 4 5 6 8 9 |  9.1
Shields        | 4 5 6 8 9 |  9.1
Transmutations | 1 2 |  2.5
Armour         | |  3.2

Action                   |  1- 3 |  4- 6 |  7- 9 | 10-12 || total
-------------------------+-------+-------+-------+-------++-------
Melee: Flail             |   130 |   250 |   229 |       ||   609
       Morningstar       |       |       |   228 |   189 ||   417
Evoke: Wand              |       |       |     4 |     2 ||     6
  Use: Potion            |       |     1 |     1 |       ||     2
       Scroll            |       |       |     4 |       ||     4
  Eat: Chunk             |       |     5 |       |       ||     5
       Ration            |       |       |     7 |     3 ||    10
Armor: Plate armour      |    92 |   183 |   344 |   119 ||   738
       Scale mail        |     3 |       |       |       ||     3
Dodge: Dodged            |    19 |    25 |    71 |    32 ||   147
Block: Shield            |    76 |   109 |   268 |    90 ||   543
